 Dungeon Crawl Stone Soup version 0.25-a0-544-gee0576305d (webtiles) character file.

Game seed: 481226145861220211, levelgen mode: deterministic

49 vurker the Gusty (level 3, 15/15 HPs)
             Began as a Felid Air Elementalist on Feb 20, 2020.
             Quit the game on level 3 of the Dungeon.
             The game lasted 00:03:46 (3238 turns).

vurker the Gusty (Felid Air Elementalist)           Turns: 3238, Time: 00:03:47

Health: 15/15      AC:  1    Str:  4    XL:     3   Next: 51%
Magic:  8/8        EV: 18    Int: 17    God:
Gold:   175        SH:  0    Dex: 16    Spells: 7/8 levels left
                                        Lives:  0   Deaths: 1

rFire    . . .     SeeInvis +   (weapon unavailable)
rCold    . . .     Gourm    .   (shield unavailable)
rNeg     . . .     Faith    .   (armour unavailable)
rPois    +         Spirit   .   (helmet unavailable)
rElec    .         Reflect  .   (cloak unavailable)
rCorr    .         Harm     .   (gloves unavailable)
MR       .....                  (boots unavailable)
Stlth    +++.......             (no amulet)
HPRegen  0.05/turn              j - ring of poison resistance
MPRegen  0.11/turn              (no ring)

@: quick
A: very small, no armour, no weapons or thrown items, stealth, claws 1, fangs 3,
see invisible, carnivore, speed 1, shaggy fur 1, slow metabolism 1, sharp paws
a: no special abilities


You were on level 3 of the Dungeon.
You were not hungry.

You visited 1 branch of the dungeon, and saw 3 of its levels.

You collected 175 gold pieces.

Inventory:

Jewellery
 j - a ring of poison resistance (left paw)
   (You found it on level 1 of the Dungeon)
Wands
 v - a wand of digging (8)
   (You found it on level 2 of the Dungeon)
Scrolls
 c - 2 scrolls of identify
 d - 2 scrolls of remove curse
 g - a scroll of enchant weapon {unknown}
 i - 2 scrolls of teleportation
Potions
 a - 2 potions of curing
 b - a potion of haste {unknown}
 f - a potion of flight {unknown}
 h - a potion of invisibility {unknown}
 l - a potion of mutation {unknown}
Comestibles
 e - 4 rations


   Skills:
 + Level 1.3 Fighting
 - Level 2.6 Dodging
 - Level 2.6 Stealth
 * Level 3.0 Spellcasting
 + Level 1.6 Conjurations
 * Level 3.6 Air Magic


You had 7 spell levels left.
You knew the following spells:

 Your Spells              Type           Power        Failure   Level  Hunger
a - Shock                 Conj/Air       ##..         6%          1    None

Your spell library contained the following spells:

 Spells                   Type           Power        Failure   Level  Hunger
 Swiftness                Chrm/Air       #.......     12%         2    ##.....
 Static Discharge         Conj/Air       ##......     19%         3    ###....
 Airstrike                Air            ##........   36%         4    ####...
 Lightning Bolt           Conj/Air       ##........   86%         5    ######.


Dungeon Overview and Level Annotations

Branches:
Dungeon (3/15)

Altars:
Ashenzari
Makhleb
Okawaru
Sif Muna
The Shining One

Annotations:
D:3 Sigmund


Innate Abilities, Weirdness & Mutations

You cannot wear armour.
You are incapable of wielding weapons or throwing items.
Your paws allow you to move quietly. (Stealth)
You have sharp claws.
You have razor-sharp teeth.
You have supernaturally acute eyesight. (SInv)
You are carnivorous and can eat meat at any time.
You cover ground quickly.
You are covered in fur. (AC +1)
You have a slow metabolism.
Your sharp claws are effective at attacking unaware monsters.


Message History

You kill the rat!
A leopard gecko comes into view.
Aim: a leopard gecko (hasn't noticed you)
The zap misses the leopard gecko.
The leopard gecko hisses angrily.
Aim: a leopard gecko The zap misses the leopard gecko.
Aim: a leopard gecko The zap hits the leopard gecko.
You can't see any susceptible monsters within range! (Use Z to cast anyway.)
You can't see any susceptible monsters within range! (Use Z to cast anyway.)
You can't see any susceptible monsters within range! (Use Z to cast anyway.)
You can't see any susceptible monsters within range! (Use Z to cast anyway.)
You can't see any susceptible monsters within range! (Use Z to cast anyway.)
The leopard gecko is too close now for your liking.
A leopard gecko is nearby!
Aim: a leopard gecko (almost dead)
The zap hits the leopard gecko.
You kill the leopard gecko!
You can't see any susceptible monsters within range! (Use Z to cast anyway.)
You can't see any susceptible monsters within range! (Use Z to cast anyway.)
You butcher the rat corpse.
k - a chunk of flesh You see here a rat skeleton. x2
Eating a chunk of flesh.
You eat the chunk of flesh.
This raw flesh tastes great.
Found a chain mail.
Sigmund the Dreaded comes into view.
He is wielding a +0 scythe.
Aim: Sigmund, wielding a +0 scythe and wearing a +0 robe (resting)
The zap hits Sigmund.
Sigmund shouts!
The zap hits Sigmund. x2
Sigmund hits you from afar with a +0 scythe!
Ouch! That really hurt!
* * * LOW HITPOINT WARNING * * *
The zap hits Sigmund.
The zap hits Sigmund but does no damage.
The zap hits Sigmund.
The zap misses Sigmund.
Sigmund mumbles some strange words.
Sigmund flickers and vanishes for a moment.
The zap hits Sigmund. x2; Sigmund barely misses you.
The zap hits Sigmund. x2
Sigmund casts a spell at you. The puff of flame hits you!
You die...
You are now level 3!
You rejoin the land of the living...
Found a mace.
Found a kite shield.
Okay, then.

.. #.##.##..
#........
#........
#........
#...... #
#....####
#.#.......[
#.#@########
#...........
###)########
#.# #.# #.#
#.# #.# #.#


There were no monsters in sight!

Vanquished Creatures
  Crazy Yiuf (D:2)
  3 gnolls (D:2)
  An ooze (D:2)
  2 worms (D:2)
  A dart slug (D:2)
  2 leopard geckos
  2 bats (D:2)
  A giant cockroach (D:2)
  3 hobgoblins
  3 jackals (D:2)
  4 kobolds
  4 frilled lizards
  7 goblins
  3 rats
37 creatures vanquished.

Notes
Turn   | Place    | Note
-------+----------+-------------------------------------------
     0 | D:1      | vurker the Felid Air Elementalist began the quest for the
                  | Orb.
     0 | D:1      | Reached XP level 1. HP: 7/7 MP: 4/4
   657 | D:1      | Reached skill level 1 in Conjurations
   980 | D:2      | Reached XP level 2. HP: 5/12 MP: 0/6
  1603 | D:2      | Found a shimmering blue altar of Sif Muna.
  1642 | D:2      | Reached XP level 3. HP: 15/15 MP: 3/7
  1698 | D:2      | Reached skill level 1 in Fighting
  1868 | D:2      | Found a runed translucent door.
  1869 | D:2      | Noticed Crazy Yiuf
  1917 | D:2      | Found an iron altar of Okawaru.
  2094 | D:2      | Found a shattered altar of Ashenzari.
  2138 | D:2      | Reached XP level 4. HP: 19/19 MP: 3/9
  2198 | D:2      | Found a faded altar of an unknown god.
  2266 | D:2      | Found a burning altar of Makhleb.
  2561 | D:2      | Found a glowing golden altar of the Shining One.
  2723 | D:2      | Killed Crazy Yiuf
  3228 | D:3      | Noticed Sigmund
  3235 | D:3      | Killed from afar by Sigmund
  3236 | D:3      | Reached XP level 3. HP: -1/15 MP: 3/8
  3238 | D:3      | Quit the game

Levels and vault maps discovered:
D:1:      dpeg_arrival_pits, layout_loops_ring, serial_rivers,
          chequers_serial_rivers_small_b, chequers_serial_rivers_micro_d,
          chequers_serial_rivers_marsh, chequers_serial_rivers_large_b,
          chequers_serial_rivers_micro_a, chequers_serial_rivers_room_a
D:2:      layout_basic, lemuel_coloured_pillars_altar,
          nicolae_overflow_hidden_temple, lemuel_round_altar,
          nicolae_overflow_crystal_walls, lemuel_crystal_altar,
          chequers_ecumenical_altar_grove, uniq_crazy_yiuf_cottage
D:3:      cheibrodos_thug_alley, layout_basic, uniq_robin, uniq_sigmund

Skill      XL: |  1  2  3  4 |
---------------+-------------+-----
Conjurations   | 1 |  1.6
Air Magic      | 3 |  3.6
Fighting       | 1 |  1.3
Spellcasting   | 3 |  3.0
Dodging        | |  2.6
Stealth        | |  2.6

Action                   |  1- 3 |  4- 6 || total
-------------------------+-------+-------++-------
Melee: Unarmed           |    15 |       ||    15
       Bite              |     4 |       ||     4
 Cast: Shock             |    73 |    27 ||   100
  Use: Scroll            |       |     6 ||     6
  Eat: Chunk             |    10 |     2 ||    12
Armor: Skin              |     4 |       ||     4
Dodge: Dodged            |    32 |     3 ||    35

Table legend:
 A = Non-vault XP
 B = Vault XP
 C = Vault XP percentage of total XP
 D = Non-vault monster count
 E = Vault monster count
 F = Vault count percentage of total count
                 A         B        C        D         E       F
            +---------+---------+-------+---------+---------+-------
      Total |     111 |      39 |  26.0 |      36 |       1 |   2.7
            +---------+---------+-------+---------+---------+-------
        D:1 |       7 |       0 |   0.0 |       5 |       0 |   0.0
        D:2 |     100 |      39 |  28.1 |      29 |       1 |   3.3
        D:3 |       4 |       0 |   0.0 |       2 |       0 |   0.0
            +---------+---------+-------+---------+---------+-------
